 Dungeon Crawl Stone Soup version 0.30.0-15-g856e2d3f33 (webtiles) character file.

Game seed: 4544215511910258982

632 qw the Chopper (level 7, -2/44 HPs)
             Began as a Gargoyle Fighter on May 20, 2023.
             Slain by a gnoll
             ... wielding a +0 flail
             ... led by a gnoll sergeant
              (4 damage)
             ... on level 5 of the Dungeon.
             The game lasted 00:01:42 (3374 turns).

qw the Chopper (Gargoyle Fighter)                   Turns: 3374, Time: 00:01:42

Health: -2/44      AC: 17    Str: 22    XL:     7   Next: 49%
Magic:  7/7        EV:  3    Int:  8    God:
Gold:   21         SH:  4    Dex:  9    Spells: 6/6 levels left

rFire   . . .        Y - +0 war axe
rCold   . . .        c - +0 buckler
rNeg    + . .        f - +1 plate armour
rPois   inf          (no helmet)
rElec   +            (no cloak)
rCorr   .            (no gloves)
SInv    .            (no boots)
Will    .....        (no amulet) Stlth
                     (no ring)
HPRegen 0.27/turn    (no ring)
MPRegen 0.10/turn

%: no passive effects
@: grasped by roots, constricted
A: sickness immunity, AC +4, negative energy resistance 1, electricity
resistance, torment resistance 1, petrification resistance
a: no special abilities


You were on level 5 of the Dungeon.
You visited 1 branch of the dungeon, and saw 5 of its levels.

You collected 126 gold pieces.
You spent 105 gold pieces at shops.


Innate Abilities, Weirdness & Mutations

You are immune to sickness and miasma.
Your stone body is resilient. (AC +4)
You are immune to poison.
You resist negative energy. (rN+)
You are resistant to electric shocks. (rElec)
You are resistant to unholy torment.
You are immune to petrification.


   Skills:
 - Level 5.5 Fighting
 + Level 6.4 Axes
 - Level 3.2 Armour
 - Level 3.2 Shields


You had 6 spell levels left.
You didn't know any spells.
Your spell library was empty.

Inventory:

Hand Weapons
 h - a +0 flail of holy wrath
 Y - a +0 war axe (weapon)
Armour
 c - a +0 buckler (worn)
 f - a +1 plate armour (worn)
Scrolls
 i - a scroll of identify
Potions
 b - a potion of resistance
 d - 2 potions of might
 e - a potion of heal wounds {unknown}
 g - 2 potions of curing
 k - a potion of lignification {unknown}
 l - a potion of cancellation {unknown}

Dungeon Overview and Level Annotations

Branches:
Dungeon (5/15)
 Temple: D:4-7

Altars:
Kikubaaqudgha
The Shining One

Shops:
D:4 *


Message History

The gnoll hits you but does no damage. The gnoll barely misses you.
You hit the gnoll.
The gnoll is severely wounded.
The gnoll barely misses you.
You closely miss the gnoll.
The gnoll is severely wounded.
The gnoll hits you but does no damage.
The gnoll sergeant zaps a wand.
The roots erupt in riotous growth!
The grasping roots grab you!
The gnoll is unaffected.
The grasping roots constrict you.
You hear an angry hiss.
You hear a shout!
You slash the gnoll!
You kill the gnoll!
The gnoll sergeant hits you from afar with a +1 heavy spear.
The grasping roots constrict you.
You escape the roots grasp.
The gnoll closely misses you.
The gnoll sergeant hits you with a +1 heavy spear!
You closely miss the gnoll sergeant. You completely miss the gnoll.
The gnoll hits you but does no damage. The gnoll closely misses you.
An ogre comes into view. It is wielding a +0 giant spiked club.
The gnoll sergeant hits you with a +1 heavy spear.
You hit the gnoll sergeant.
The gnoll sergeant is moderately wounded.
You slash the gnoll! The gnoll hits you but does no damage.
You barely miss the gnoll.
The gnoll is heavily wounded.
You closely miss the gnoll sergeant.
The gnoll sergeant zaps a wand.
The roots erupt in riotous growth!
The grasping roots grab you!
The gnoll sergeant is unaffected.
The gnoll is unaffected.
The grasping roots constrict you. The gnoll hits you but does no damage.
The gnoll sergeant hits you but does no damage.
The grasping roots constrict you!
You completely miss the gnoll.
The gnoll is heavily wounded.
You hit the gnoll sergeant but do no damage.
The gnoll hits you with a +0 flail.
You die...

...#.# ...#.#
### ..... #
#<.##...# >#
####...#...# ..#
..# ..#...#..#
#.###.gg..###.
###..[..@)......
.....O...7......
##.....)....^..
#.###.....####
..##.'#...#+ .
#...#...#
#<.##...#
#####...# #####


You could see an ogre, a gnoll sergeant and a gnoll.

Vanquished Creatures
  Sigmund (D:3)
  2 ogres (D:4)
  Natasha (thrice) (D:2)
  2 iguanas (D:4)
  5 gnolls
  5 adders
  An ufetubus (D:4)
  A worm (D:2)
  4 dart slugs
  2 orcs (D:4)
  4 bats
  6 endoplasms
  2 giant cockroaches
  7 goblins
  4 hobgoblins (D:1)
  3 jackals (D:1)
  2 kobolds (D:1)
  4 quokkas
  7 ball pythons
  2 frilled lizards
  8 rats
75 creatures vanquished.

Notes
Turn   | Place    | Note
-------+----------+-------------------------------------------
     0 | D:1      | qw the Gargoyle Fighter began the quest for the Orb.
     0 | D:1      | Reached XP level 1. HP: 14/14 MP: 1/1
     0 | D:1      | 0 ||| qw: Version: 0.2-a-97-g6b18286
     0 | D:1      | 0 ||| qw: Game counter: 32
     0 | D:1      | 0 ||| qw: Always use a shield: true
     0 | D:1      | 0 ||| qw: God list: Okawaru
     0 | D:1      | 0 ||| qw: Allow faded altars: false
     0 | D:1      | 0 ||| qw: Do Orc after D:15 true
     0 | D:1      | 0 ||| qw: Do second Lair branch before Depths: true
     0 | D:1      | 0 ||| qw: Lair rune preference: random
     0 | D:1      | 0 ||| qw: Plans: Normal, Zot:1-4, God:TSO, Crypt, Tomb,
                  | Pan, Slime:5, Hells, Abyss, Win
     0 | D:1      | 0 ||| PLANNING D:1-11
    79 | D:1      | Reached skill level 2 in Axes
   104 | D:1      | 104 ||| Stepping ~*~*~tactically~*~*~ (stealth).
   106 | D:1      | 106 ||| Stepping ~*~*~tactically~*~*~ (stealth).
   111 | D:1      | Reached XP level 2. HP: 19/19 MP: 2/2
   317 | D:1      | 317 ||| DROPPING +0 club.
   334 | D:1      | 334 ||| DROPPING +0 mace.
   416 | D:1      | Reached skill level 3 in Axes
   463 | D:1      | Reached XP level 3. HP: 23/23 MP: 3/3
   541 | D:1      | 541 ||| UPGRADING to +0 plate armour.
   551 | D:1      | 551 ||| DROPPING +0 scale mail.
   552 | D:1      | 552 ||| DROPPING amulet of magic regeneration.
   553 | D:1      | 553 ||| READING scroll labelled ADOPOA LACOIFE.
   554 | D:1      | 554 ||| READING scroll labelled RATWYQ LIGINE.
   555 | D:1      | 555 ||| DRINKING 2 dark potions.
   556 | D:1      | 556 ||| DROPPING potion of flight.
   580 | D:2      | 580 ||| STAIRDANCE
   596 | D:2      | 596 ||| Stepping ~*~*~tactically~*~*~ (hiding).
   598 | D:2      | 598 ||| Stepping ~*~*~tactically~*~*~ (hiding).
   682 | D:2      | 682 ||| Stepping ~*~*~tactically~*~*~ (stealth).
   748 | D:2      | 748 ||| Stepping ~*~*~tactically~*~*~ (stealth).
   872 | D:2      | 872 ||| Stepping ~*~*~tactically~*~*~ (stealth).
   897 | D:2      | 897 ||| Stepping ~*~*~tactically~*~*~ (stealth).
   988 | D:2      | Noticed Natasha
  1001 | D:2      | Killed Natasha
  1002 | D:2      | Reached XP level 4. HP: 16/28 MP: 4/4
  1099 | D:2      | Reached skill level 4 in Axes
  1293 | D:2      | Noticed Natasha
  1298 | D:2      | Killed Natasha
  1357 | D:2      | Noticed Natasha
  1358 | D:2      | 1358 ||| Stepping ~*~*~tactically~*~*~ (stealth).
  1361 | D:2      | 1361 ||| Stepping ~*~*~tactically~*~*~ (hiding).
  1374 | D:2      | Killed Natasha
  1375 | D:2      | Reached XP level 5. HP: 23/32 MP: 5/5
  1543 | D:2      | 1543 ||| DROPPING orb of energy.
  1544 | D:2      | 1544 ||| DROPPING orb of wrath.
  1545 | D:2      | 1545 ||| READING scroll labelled DIQUASO ECHYGI.
  1546 | D:2      | 1546 ||| READING scroll labelled YPURYO ZEXYHU.
  1547 | D:2      | 1547 ||| DRINKING 2 lumpy clear potions.
  1548 | D:2      | 1548 ||| DROPPING potion of degeneration.
  1603 | D:3      | Reached skill level 5 in Axes
  1918 | D:3      | Noticed Sigmund
  1919 | D:3      | 1919 ||| Stepping ~*~*~tactically~*~*~ (hiding).
  1921 | D:3      | 1921 ||| Stepping ~*~*~tactically~*~*~ (hiding).
  1929 | D:3      | Killed Sigmund
  1930 | D:3      | Reached XP level 6. HP: 40/40 MP: 6/6
  2346 | D:3      | 2346 ||| READING scroll labelled ONUV OKHUKKUFOST.
  2347 | D:3      | 2347 ||| READING scroll labelled VESE VONNY.
  2434 | D:4      | 2434 ||| Stepping ~*~*~tactically~*~*~ (stealth).
  2439 | D:4      | HP: 9/40 [ogre/+0 giant club (22)]
  2444 | D:4      | Reached XP level 7. HP: 11/44 MP: 7/7
  3097 | D:4      | Found Mecivon's General Store.
  3105 | D:4      | 3105 ||| BUYING potion of curing (30 gold).
  3105 | D:4      | Bought a potion of curing for 30 gold pieces
  3105 | D:4      | 3105 ||| BUYING scroll of enchant armour (75 gold).
  3105 | D:4      | Bought a scroll of enchant armour for 75 gold pieces
  3105 | D:4      | 3105 ||| READING scroll of enchant armour.
  3105 | D:4      | 3105 ||| ENCHANTING +0 plate armour.
  3147 | D:4      | Reached skill level 6 in Axes
  3254 | D:4      | Found an ancient bone altar of Kikubaaqudgha.
  3254 | D:4      | Found a glowing golden altar of the Shining One.
  3325 | D:4      | 3325 ||| DROPPING scarf of invisibility.
  3326 | D:4      | 3326 ||| READING 2 scrolls of identify.
  3326 | D:4      | 3326 ||| IDENTIFYING glowing white potion
  3347 | D:5      | Entered Level 5 of the Dungeon
  3351 | D:5      | 3351 ||| Stepping ~*~*~tactically~*~*~ (hiding).
  3371 | D:5      | HP: 9/44 [gnoll sergeant/+1 heavy spear (6)]
  3373 | D:5      | HP: 2/44 [constriction (8)]
  3374 | D:5      | Slain by a gnoll

Levels and vault maps discovered:
D:1:      dpeg_arrival_snail, layout_basic
D:2:      layout_basic, lightli_corner_chamber, uniq_natasha
D:3:      layout_basic, grunt_ministairs_5, uniq_grinder, uniq_sigmund
D:4:      layout_cave_pods, minitemple, serial_shops, shop_fountains,
          st_stairs_10
D:5:      layout_basic, minmay_temple_entry_arrows, grunt_ministairs_6

Skill      XL: |  1  2  3  4  5  6  7 |
---------------+----------------------+-----
Axes           | 2 3 4 5 6 |  6.4
Fighting       | 5 |  5.5
Armour         | |  3.2
Shields        | |  3.2

Action                     |  1- 3 |  4- 6 |  7- 9 || total
---------------------------+-------+-------+-------++-------
  Melee: War axe           |   101 |   101 |    57 ||   259
    Use: Scroll            |     2 |     4 |     2 ||     8
         Potion            |     1 |     1 |       ||     2
 Armour: Scale mail        |    36 |       |       ||    36
         Plate armour      |    19 |    86 |    33 ||   138
  Dodge: Dodged            |    41 |    20 |    15 ||    76
  Block: Buckler           |    22 |    20 |    12 ||    54

Table legend:
 A = Non-vault XP
 B = Vault XP
 C = Vault XP percentage of total XP
 D = Non-vault monster count
 E = Vault monster count
 F = Vault count percentage of total count
                 A         B        C        D         E       F
            +---------+---------+-------+---------+---------+-------
      Total |     480 |     423 |  46.8 |      66 |       9 |  12.0
            +---------+---------+-------+---------+---------+-------
        D:1 |      38 |       0 |   0.0 |      24 |       0 |   0.0
        D:2 |     125 |      36 |  22.4 |      16 |       1 |   5.9
        D:3 |      86 |     230 |  72.8 |      12 |       3 |  20.0
        D:4 |     231 |     129 |  35.8 |      14 |       3 |  17.6
        D:5 |       0 |      28 | 100.0 |       0 |       2 | 100.0
            +---------+---------+-------+---------+---------+-------
